 Dungeon Crawl Stone Soup version 0.31.0 (webtiles) character file.

Game seed: 1089481391217490885

14683 groovy9 the Cleaver (level 12, -5/77 HPs)
             Began as a Gargoyle Berserker on Jan 20, 2024.
             Was an Elder of Trog.
             Killed from afar by an oklob plant (26 damage)
             ... with a splash of acid
             ... on level 3 of the Lair of Beasts.
             The game lasted 00:31:26 (9306 turns).

groovy9 the Cleaver (Gargoyle Berserker)            Turns: 9306, Time: 00:31:27

Health: -5/77      AC: 12    Str: 25    XL:     12   Next: 19%
Magic:  12/12      EV:  9    Int:  9    God:    Trog [****..]
Gold:   749        SH:  9    Dex:  9    Spells: 11/11 levels left

rFire   . . .        y - +5 war axe
rCold   . . .        f - +3 warlock's mirror {omnireflect}
rNeg    + + .        i - +1 chain mail {rN+}
rPois   ∞            (no helmet)
rElec   +            u - +0 cloak
rCorr   .            D - +0 pair of gloves
SInv    +            (no boots)
Will    .....        (no amulet) Stlth
                     d - +4 ring of slaying
HPRegen 0.32/turn    v - ring of see invisible
MPRegen 0.13/turn

%: reflection
@: corroded
A: sickness immunity, AC +8, negative energy resistance 1, electricity
resistance, torment resistance 1, petrification resistance
a: Renounce Religion, Berserk, Trog's Hand, Brothers in Arms


You were on level 3 of the Lair of Beasts.
You worshipped Trog.
Trog was greatly pleased with you.
You visited 3 branches of the dungeon, and saw 13 of its levels.

You collected 749 gold pieces.

Inventory:

Hand Weapons
 y - a +5 war axe (weapon)
 F - a +0 flail
Armour
 f - the +3 warlock's mirror (worn) {omnireflect}
   (You acquired it on level 5 of the Dungeon)

   Omnireflect: It can block and reflect piercing ranged attacks and magical
   attacks against the wielder's willpower.
 i - a +1 chain mail of positive energy (worn)
 p - a +0 plate armour
 u - a +0 cloak (worn)
 D - a +0 pair of gloves (worn)
Jewellery
 d - a +4 ring of slaying (left hand)
 e - a ring of protection from fire
 n - a +6 ring of dexterity
 v - a ring of see invisible (right hand)
 w - a ring of willpower
Wands
 a - a wand of roots (7)
 s - a wand of flame (22)
 t - a wand of paralysis (24)
Scrolls
 h - 2 scrolls of poison
 l - 2 scrolls of immolation
 m - 3 scrolls of vulnerability
 x - 2 scrolls of fear
 B - a scroll of brand weapon
 E - 2 scrolls of butterflies
Potions
 b - 2 potions of mutation
 c - 3 potions of enlightenment
 g - 3 potions of berserk rage
 j - 2 potions of attraction
 k - 3 potions of haste
 o - 2 potions of resistance
 q - 5 potions of lignification
 r - a potion of cancellation
 A - 6 potions of curing


   Skills:
 + Level 10.1 Fighting
 * Level 11.8 Axes
 + Level 9.9 Armour
 - Level 1.5 Dodging
 + Level 9.4 Shields


You had 11 spell levels left.
You didn't know any spells.
Your spell library was empty.

Dungeon Overview and Level Annotations

Branches:
Dungeon (9/15)             Temple (1/1) D:4            Lair (3/5) D:9
    Orc (0/2) D:9
  Swamp: Lair:2-3    Shoals: Lair:2-3     Snake: Lair:2-3    Spider: Lair:2-3

Altars:
Ashenzari
Cheibriados
Dithmenos
Elyvilon
Fedhas
Gozag
Hepliaklqana
Kikubaaqudgha
Makhleb
Nemelex Xobeh
Okawaru
Qazlal
Ru
Sif Muna
Trog
Uskayaw
Vehumet
Wu Jian
Xom
Yredelemnul
Zin
The Shining One

Shops:
D:2 =

Annotations:
Lair:2 GOOD LOOT needs flight top right
Lair:3 exclusion: oklob plant


Innate Abilities, Weirdness & Mutations

You are immune to sickness and miasma.
Your stone body is resilient. (AC +8)
You are immune to poison.
You resist negative energy. (rN+)
You are resistant to electric shocks. (rElec)
You are resistant to unholy torment.
You are immune to petrification.


Message History

The oklob plant spits acid at you. The splash of acid hits you!
You hit the bush but do no damage. You hit the bush. You hit the bush.
The bush is lightly damaged.
You hit the bush but do no damage. You hit the bush but do no damage.
The bush is lightly damaged.
You hit the bush. The oklob plant spits acid at you.
The splash of acid hits you. The acid corrodes you!
You hit the bush but do no damage.
The bush is lightly damaged.
You hit the bush but do no damage. You hit the bush but do no damage.
The bush is lightly damaged.
You slash the bush! You hit the bush.
The bush is lightly damaged.
You hit the bush. You hit the bush but do no damage.
The bush is lightly damaged.
You hit the bush but do no damage. You slice the bush!!
The bush is moderately damaged.
You hit the bush but do no damage. The oklob plant spits acid at you.
The splash of acid hits you!
You hit the bush but do no damage.
The bush is moderately damaged.
You hit the bush. The oklob plant spits acid at you.
The splash of acid hits you!!
* * * LOW HITPOINT WARNING * * *
You completely miss the bush.
The bush is moderately damaged.
You hit the bush but do no damage. The oklob plant spits acid at you.
The splash of acid hits you!!
You die... .[............. )..##..####.....####. .##....##. #P..### ......!..####P..# ...?.....##...##### .......P#.#..#.#.#### PPP.................

PPP$.............##.
PP@....##.##...##
#....!....#..####..#.###
#.......................
........................
P.........#..#.#########
#P.......#######
##########


You could see an oklob plant.

Vanquished Creatures
  A fire dragon (Lair:2)
  3 two-headed ogres
  Pikel (D:7)
  A black mamba (Lair:3)
  A cane toad (Lair:1)
  2 komodo dragons
  2 rime drakes (Lair:1)
  Prince Ribbit (D:6)
  A hornet (D:8)
  2 trolls (D:9)
  2 polar bears (Lair:1)
  A wraith (D:8)
  4 wyverns
  6 yaks (Lair:1)
  2 basilisks
  Eustachio (D:6)
  A steam dragon (D:9)
  3 vampire mosquitoes (D:9)
  5 water moccasins
  4 orc warriors
  4 black bears
  4 ice beasts
  2 ogres (D:9)
  19 wolves
  2 lemures (D:7)
  4 centaurs
  2 kobold brigands
  7 bullfrogs
  2 gnoll sergeants (D:9)
  4 scorpions
  12 wights
  6 electric eels
  2 howler monkeys
  2 bombardier beetles
  3 gnoll boudas
  Crazy Yiuf (D:7)
  6 hounds
  3 jellies
  A sleepcap (D:4)
  Terence (D:3)
  Ijyb (D:5)
  3 orc wizards
  4 hell rats (Lair:1)
  19 gnolls
  5 adders
  A shadow imp (D:6)
  A white imp (D:6)
  2 ufetubi (D:6)
  4 ribbon worms
  22 orcs
  7 ball pythons
  7 endoplasms
  A giant cockroach (D:1)
  6 goblins
  12 hobgoblins
  A quokka (D:2)
  3 bats
  13 kobolds
  7 rats
250 creatures vanquished.

Vanquished Creatures (others)
  A kobold brigand (D:9)
1 creature vanquished.

Grand Total: 251 creatures vanquished

Notes
Turn   | Place    | Note
-------+----------+-------------------------------------------
     0 | D:1      | groovy9 the Gargoyle Berserker began the quest for the Orb.
     0 | D:1      | Reached XP level 1. HP: 14/14 MP: 1/1
   165 | D:1      | Reached XP level 2. HP: 18/19 MP: 2/2
   170 | D:1      | Reached skill level 3 in Axes
   732 | D:2      | Reached XP level 3. HP: 20/23 MP: 3/3
   838 | D:2      | Found a faded altar of an unknown god.
   890 | D:2      | Reached ** piety under Trog
  1129 | D:2      | Found Laxt's Jewellery Emporium.
  1301 | D:3      | Noticed Terence
  1314 | D:3      | Killed Terence
  1315 | D:3      | Reached XP level 4. HP: 29/29 MP: 4/4
  1628 | D:3      | Reached skill level 1 in Shields
  1822 | D:3      | Noticed an ice beast
  1827 | D:3      | Killed an ice beast
  1828 | D:3      | Reached skill level 4 in Axes
  1828 | D:3      | Reached XP level 5. HP: 33/33 MP: 5/5
  2001 | D:4      | Reached XP level 6. HP: 39/39 MP: 6/6
  2015 | D:4      | Noticed a black bear
  2038 | D:4      | Killed a black bear
  2307 | D:4      | Reached skill level 5 in Axes
  2307 | D:4      | Reached XP level 7. HP: 40/44 MP: 7/7
  2602 | D:4      | Reached skill level 5 in Fighting
  2624 | D:4      | Found a staircase to the Ecumenical Temple.
  2630 | Temple   | Entered the Ecumenical Temple
  2992 | D:5      | Entered Level 5 of the Dungeon
  3157 | D:5      | Identified a scroll of acquirement
  3157 | D:5      | Acquired the +3 warlock's mirror {omnireflect}
  3157 | D:5      | Found the +3 warlock's mirror {omnireflect}
  3319 | D:5      | Reached XP level 8. HP: 50/50 MP: 8/8
  3368 | D:5      | Noticed Ijyb
  3369 | D:5      | Paralysed by Ijyb for 4 turns
  3378 | D:5      | Killed Ijyb
  3620 | D:6      | Reached skill level 6 in Axes
  3620 | D:6      | Reached skill level 5 in Armour
  3678 | D:6      | Noticed a two-headed ogre
  3686 | D:6      | Noticed Eustachio
  3689 | D:6      | Killed a two-headed ogre
  3690 | D:6      | Reached skill level 7 in Axes
  3698 | D:6      | Killed Eustachio
  3699 | D:6      | Reached skill level 5 in Shields
  3699 | D:6      | Reached XP level 9. HP: 54/56 MP: 9/9
  3760 | D:6      | Reached *** piety under Trog
  4047 | D:6      | Noticed Prince Ribbit
  4062 | D:6      | Killed Prince Ribbit
  4200 | D:6      | Found a bloodstained altar of Trog.
  4201 | D:6      | Found a burning altar of Makhleb.
  4295 | D:7      | Identified the +1 dagger of the Endless Expanse {venom, rC-
                  | MP+9 SInv}
  4300 | D:7      | Noticed Pikel
  4306 | D:7      | Reached skill level 8 in Axes
  4309 | D:7      | Killed Pikel
  4380 | D:7      | Reached XP level 10. HP: 60/63 MP: 10/10
  4592 | D:7      | Found a runed translucent door.
  4593 | D:7      | Noticed Crazy Yiuf
  4600 | D:7      | Killed Crazy Yiuf
  5266 | D:8      | Reached skill level 9 in Axes
  5366 | D:8      | Noticed a two-headed ogre
  5375 | D:8      | Killed a two-headed ogre
  6128 | D:9      | Noticed a two-headed ogre
  6141 | D:9      | Killed a two-headed ogre
  6252 | D:9      | Reached skill level 10 in Axes
  6289 | D:9      | Reached XP level 11. HP: 48/69 MP: 11/11
  6501 | D:9      | Found a staircase to the Lair.
  6664 | D:9      | Reached **** piety under Trog
  6694 | D:9      | Found a staircase to the Orcish Mines.
  7327 | Lair:1   | Entered Level 1 of the Lair of Beasts
  7676 | Lair:1   | Reached skill level 11 in Axes
  8625 | Lair:2   | Reached XP level 12. HP: 77/77 MP: 12/12
  8775 | Lair:2   | Reached skill level 10 in Fighting
  8943 | Lair:2   | Noticed a fire dragon
  8958 | Lair:2   | Killed a fire dragon
  9306 | Lair:3   | Killed from afar by an oklob plant

Illustrated notes

Levels and vault maps discovered:
D:1:      mrwooster_arrival_statue_3, layout_basic
D:2:      minmay_wonky_spiral, layout_basic, serial_shops,
          nicolae_shop_window_shopping, hellmonk_ecumenical_altar_blasted
D:3:      layout_basic, hangedman_decor_push, corner_web_ring, uniq_terence
D:4:      layout_loops_cross, minmay_temple_entry_sparse_star,
          serial_bayou_lake_a
D:5:      minmay_octagon_keep, layout_basic, grunt_decor_arrowhead,
          uniq_menkaure, uniq_ijyb
D:6:      layout_rooms, amethyst_overflow_temple_binary, serial_glass,
          glass_columns_c, glass_columns_c, due_unseen_surprise,
          item_on_display_a, kennysheep_generic_room_13, uniq_prince_ribbit1,
          uniq_eustachio
D:7:      layout_basic, uniq_pikel, uniq_crazy_yiuf_cottage
D:8:      layout_rooms, nicolae_grassy_gnolls
D:9:      layout_loops_corners, erik_lair_island,
          kennysheep_orc_monster_closet_entryway
Temple:   nicolae_temple_slightly_damp_pantheon
Lair:1:   layout_roguey, pdpol_lair_cavern_descent
Lair:2:   dragon1_lemuel, layout_cave_pods
Lair:3:   beast_lair_carwin_large_2, layout_long_grid,
          nicolae_swamp_entry_spooky, minmay_snake_entry_guardpost_medium,
          minmay_lair_oklob_bushes

Skill      XL: |  1  2  3  4  5  6  7  8  9 10 11 12 |
---------------+-------------------------------------+-----
Axes           | 3 4 5 7 8 10 11 | 11.8
Armour         | 3 4 5 7 8 9 |  9.9
Shields        | 1 2 3 5 6 7 9 |  9.4
Fighting       | 4 5 6 7 8 9 10 | 10.1
Dodging        | |  1.5

Action                     |  1- 3 |  4- 6 |  7- 9 | 10-12 || total
---------------------------+-------+-------+-------+-------++-------
  Melee: Hand axe          |    79 |    81 |   166 |    19 ||   345
         War axe           |       |       |       |   392 ||   392
 Invoke: Berserk           |     2 |     2 |     6 |     9 ||    19
         Trog's Hand       |       |     2 |     1 |     3 ||     6
    Use: Scroll            |       |       |    17 |     6 ||    23
         Potion            |       |       |       |     6 ||     6
   Stab: Distracted        |       |       |     2 |       ||     2
         Paralysed         |       |       |     2 |       ||     2
         Petrifying        |       |       |       |     1 ||     1
 Armour: Animal skin       |    18 |       |       |       ||    18
         Scale mail        |    17 |    68 |    23 |       ||   108
         Chain mail        |       |       |    49 |   330 ||   379
  Dodge: Dodged            |    35 |    33 |    41 |   147 ||   256
  Block: Buckler           |     4 |    18 |    37 |   181 ||   240
         Reflection        |       |       |     4 |    11 ||    15
